 Dungeon Crawl Stone Soup version 0.23.2-1-ga50397a (webtiles) character file.

Game seed: 6047077002747806158

42 troglodite the Skirmisher (level 3, 0/29 HPs)
             Began as a Demonspawn Fighter on May 21, 2019.
             Slain by an adder (2 damage)
             ... on level 1 of the Dungeon.
             The game lasted 00:03:14 (798 turns).

troglodite the Skirmisher (Demonspawn Fighter)       Turns: 798, Time: 00:03:16

Health: 0/29       AC:  6    Str: 15 (16) XL:     3   Next: 33%
Magic:  3/3        EV:  7    Int:  7 (9)  God:
Gold:   53         SH:  8    Dex: 12 (13) Spells: 2/2 levels left

rFire    . . .     SeeInvis .   a - +0 long sword
rCold    . . .     Gourm    .   c - +0 shield
rNeg     . . .     Faith    .   b - +0 scale mail
rPois    .         Spirit   .   (no helmet)
rElec    .         Reflect  .   (no cloak)
rCorr    .         Harm     .   (no gloves)
MR       .....                  (no boots)
Stlth    +.........             (no amulet)
HPRegen  0.09/turn              i - ring of flight
MPRegen  0.08/turn              (no ring)

@: lethally poisoned (0 -> -3)
A: talons 1, nightstalker 1
a: Evoke Flight


You were on level 1 of the Dungeon.
You were not hungry.

You visited 1 branch of the dungeon, and saw 2 of its levels.

You collected 53 gold pieces.

Inventory:

Hand Weapons
 a - a +0 long sword (weapon)
Armour
 b - a +0 scale mail (worn)
 c - a +0 shield (worn)
Jewellery
 i - a ring of flight (left hand)
Scrolls
 e - 3 scrolls of identify {unknown}
Potions
 d - a potion of might
Comestibles
 f - 2 rations
 g - 2 chunks of flesh


   Skills:
 * Level 3.3 Fighting
 + Level 2.0 Long Blades
 * Level 3.1 Armour
 * Level 0.4 Dodging
 * Level 0.4 Stealth
 * Level 3.1 Shields


You had 2 spell levels left.
You didn't know any spells.
Your spell library was empty.

Dungeon Overview and Level Annotations

Branches:
Dungeon (2/15)

Altars:


Innate Abilities, Weirdness & Mutations

You have sharp toenails.
You are slightly more attuned to the shadows.


Message History

Your kick misses the adder. The adder bites you but does no damage.
The adder bites you.
* * * LOW HITPOINT WARNING * * *
You are poisoned.
The adder poisons you! The adder bites you but does no damage.
You miss the adder. Your kick misses the adder.
* * * LOW HITPOINT WARNING * * *
You feel sick. You block the adder's attack. x3
The adder bites you but does no damage.
You slash the adder! You claw the adder.
You kill the adder!
Your Long Blades skill increases to level 2!
* * * LOW HITPOINT WARNING * * *
You feel sick. The adder bites you.
* * * LOW HITPOINT WARNING * * *
It was a potion of degeneration.
There was something very wrong with that liquid.
You feel weakened.
You feel dopey.
You feel clumsy. You block the adder's attack. The adder bites you.
You die...

.....# #.#.......รท#.# #.# .#####
##.#.#.#.####.# ####.### .#
####........####.# #......# .#
#................# #.......
.#####.##.##.#..######## #.##.#..
......)##.#............# #.#..#..
..####.##.#............# #.#.##.>
........#.......S....[.# #...##..
......#.###.....@......###.......
.......^# #............#.......##
..####.## #....#.......#.......#
.......# #............#.......#
.####### ##.#############...###
..# #.#############...# ..##
#........##......## ...#####
###.#.##.......### ..#....#
#.#.##.##.##.#


You could see an adder.

Vanquished Creatures
  2 adders
  An ooze (D:1)
  2 dart slugs (D:1)
  3 bats
  A goblin (D:2)
  2 hobgoblins (D:1)
  3 jackals (D:1)
  A ball python (D:1)
  A rat (D:1)
16 creatures vanquished.

Notes
Turn   | Place    | Note
-------+----------+-------------------------------------------
     0 | D:1      | troglodite the Demonspawn Fighter began the quest for the
                  | Orb.
     0 | D:1      | Reached XP level 1. HP: 18/18 MP: 1/1
   161 | D:1      | Gained mutation: You are slightly more attuned to the
                  | shadows. [demonic ancestry]
   161 | D:1      | Reached XP level 2. HP: 14/24 MP: 2/2
   784 | D:2      | Gained mutation: You have sharp toenails. [demonic
                  | ancestry]
   784 | D:2      | Reached XP level 3. HP: 12/29 MP: 3/3
   798 | D:1      | Slain by an adder

Skill      XL: |  1  2  3 |
---------------+----------+-----
Shields        | 3 |  3.1
Armour         | 3 |  3.1
Long Blades    | 2 |  2.0
Fighting       | |  3.3
Dodging        | |  0.4
Stealth        | |  0.4

Action                   || total
-------------------------++-------
Melee: Long sword        ||    49
       Kick              ||     2
  Use: Potion            ||     1
Armor: Scale mail        ||    25
Dodge: Dodged            ||    21
Block: Shield            ||    42
       Rpst.: Long sword ||     8
